 Dungeon Crawl Stone Soup version 0.28.0-53-g5a82cb258f (webtiles) character file.

Game seed: 6309443813462160219

98788 Zeld the Destroyer (level 16, -31/165 HPs)
             Began as an Ogre Fire Elementalist on June 13, 2022.
             Was an Initiate of Gozag.
             Shot with a sling bullet by a satyr (44 damage)
             ... on level 1 of the Shoals.
             The game lasted 01:04:30 (62433 turns).

Zeld the Destroyer (Ogre Fire Elementalist)        Turns: 62433, Time: 01:04:31

Health: -31/165    AC: 10    Str: 16    XL:     16   Next: 23%
Magic:  25/31      EV: 10    Int: 22    God:    Gozag
Gold:   162        SH:  0    Dex: 11    Spells: 5/37 levels left

rFire   + . .      SeeInvis .   a - +4 spear (venom)
rCold   + . .      Faith    .   (no shield)
rNeg    + + .      Spirit   .   F - +2 robe {rC+ rF+}
rPois   +          Reflect  .   (helmet restricted)
rElec   .          Harm     .   o - +0 cloak
rCorr   +          Rampage  .   (gloves unavailable)
Will    +....                   (boots unavailable)
Stlth   ++........              i - amulet of magic regeneration
HPRegen 0.37/turn               f - ring of poison resistance
MPRegen 0.62/turn               G - ring of Ane Pau {rN++ rCorr AC+4 Str-2 Dex+2}

@: about to teleport, spiked, gold aura
A: large, unfitting armour, tough skin 1, sense surroundings 1, strong 1
a: Renounce Religion, Potion Petition, Call Merchant, Bribe Branch


You were on level 1 of the Shoals.
You worshipped Gozag.
Gozag was aware of your devotion.
You visited 6 branches of the dungeon, and saw 26 of its levels.
You also visited: Ice Cave.

You collected 7846 gold pieces.
You spent 4644 gold pieces at shops.
You paid 3040 gold pieces to Gozag.

Inventory:

Hand Weapons
 a - a +4 spear of venom (weapon)
 b - the +3 hand crossbow "Huiwiu" {flame, rElec rC++ rN+ Will-}
   (You found it in an ice cave)

   Any ammunition fired from it burns those it strikes, dealing additional fire
   damage.
   rC:        It greatly protects you from cold.
   rElec:     It insulates you from electricity.
   rN:        It protects you from negative energy.
   Will:      It decreases your willpower.
Missiles
 x - 4 throwing nets
 A - 41 poisoned darts (quivered)
 B - 10 atropa-tipped darts
 C - 14 curare-tipped darts
 O - 193 bolts
Armour
 k - the +2 shield of Resistance {rF++ rC++ Will++}
   (You bought it in a shop on level 2 of the Orcish Mines)

   rF:        It greatly protects you from fire.
   rC:        It greatly protects you from cold.
   Will:      It greatly increases your willpower.
 o - a +0 cloak (worn)
 F - a +2 robe of resistance (worn)
 P - the +18 shield of the Gong {rElec rN+ Will+ EV-5}
   (You took it off an orc warrior on level 9 of the Dungeon)

   It is deafeningly noisy when blocking attacks.
   EV:        It affects your evasion (-5).
   rElec:     It insulates you from electricity.
   rN:        It protects you from negative energy.
   Will:      It increases your willpower.
Jewellery
 f - a ring of poison resistance (left hand)
 g - a ring of positive energy
 i - an amulet of magic regeneration (around neck)
 l - a ring of resist corrosion
 G - the ring of Ane Pau (right hand) {rN++ rCorr AC+4 Str-2 Dex+2}
   (You found it on level 10 of the Dungeon)

   [ring of protection]

   AC:        It affects your AC (+4).
   Str:       It affects your strength (-2).
   Dex:       It affects your dexterity (+2).
   rN:        It greatly protects you from negative energy.
   rCorr:     It protects you from acid and corrosion.
 T - a ring of protection from cold
Wands
 h - a wand of digging (3)
 p - a wand of flame (11)
 I - a wand of iceblast (22)
 R - a wand of mindburst (4)
Scrolls
 j - 15 scrolls of teleportation
 u - 3 scrolls of fear
 y - 2 scrolls of brand weapon
 E - 4 scrolls of enchant armour
 J - 3 scrolls of enchant weapon
 K - 2 scrolls of amnesia
 M - 10 scrolls of magic mapping
 N - 2 scrolls of holy word
 S - a scroll of fog
Potions
 c - 3 potions of brilliance
 d - 3 potions of flight
 e - 6 potions of curing
 m - 3 potions of ambrosia
 n - a potion of heal wounds
 q - 5 potions of mutation
 r - 5 potions of haste
 s - 3 potions of magic
 t - 2 potions of berserk rage
 w - 4 potions of might
 z - 2 potions of invisibility
 D - 2 potions of cancellation
Miscellaneous
 H - a piece from Xom's chessboard (15/15)
 Q - a box of beasts


   Skills:
 - Level 12.0 Fighting
 + Level 8.9 Polearms
 * Level 8.0 Crossbows
 - Level 6.0 Throwing
 - Level 1.7 Dodging
 - Level 1.4 Stealth
 - Level 1.0 Shields
 * Level 11.1 Spellcasting
 * Level 12.6 Conjurations
 - Level 10.0 Fire Magic
 + Level 10.5 Evocations


You had 5 spell levels left.
You knew the following spells:

 Your Spells              Type           Power      Damage    Failure   Level
a - Foxfire               Conj/Fire      100%       2x1d9     1%          1
b - Scorch                Fire           100%       2d10      1%          2
c - Inner Flame           Hex/Fire       34%        N/A       1%          3
d - Flame Wave            Conj/Fire      58%        2d11      1%          4
e - Fireball              Conj/Fire      29%        3d13      1%          5
f - Starburst             Conj/Fire      29%        6d9       8%          6
g - Ignition              Fire           27%        3d9       99%         8
q - Mephitic Cloud        Conj/Pois/Air  30%        N/A       2%          3

Your spell library contained the following spells:

 Spells                   Type           Power      Damage    Failure   Level
 Shock                    Conj/Air       100%       1d9       1%          1
 Conjure Flame            Conj/Fire      58%        6-21      1%          3
 Stone Arrow              Conj/Erth      80%        3d12      1%          3
 Iskenderun's Battlesphe  Conj           61%        2d11      1%          5
 Ignite Poison            Fire/Tmut/Pois 26%        N/A       4%          3
 Fulminant Prism          Conj/Hex       20%        3d13      4%          4
 Hailstorm                Conj/Ice       40%        3d10      4%          4
 Freeze                   Ice            48%        1d7       5%          1
 Sandblast                Erth           24%        2d8       5%          1
 Summon Small Mammal      Summ           48%        N/A       5%          1
 Corpse Rot               Necr/Air       24%        N/A       9%          2
 Passwall                 Tmut/Erth      10%        N/A       9%          2
 Poisonous Vapours        Pois/Air       24%        N/A       9%          2
 Sublimation of Blood     Necr           12%        N/A       9%          2
 Wereblood                Tmut           12%        N/A       9%          2
 Call Canine Familiar     Summ           12%        N/A       16%         3
 Frozen Ramparts          Ice            24%        1d4       16%         3
 Ozocubu's Armour         Ice            12%        N/A       16%         3
 Summon Guardian Golem    Hex/Summ       12%        N/A       16%         3
 Swiftness                Air            12%        N/A       16%         3
 Freezing Cloud           Conj/Ice/Air   15%        6-21      26%         5
 Airstrike                Air            6%         N/A       47%         4
 Animate Armour           Summ/Erth      24%        N/A       47%         4
 Animate Dead             Necr           6%         N/A       47%         4
 Summon Ice Beast         Ice/Summ       12%        N/A       47%         4
 Borgnjor's Vile Clutch   Necr/Erth      6%         N/A       83%         5
 Metabolic Englaciation   Hex/Ice        6%         N/A       83%         5
 Summon Mana Viper        Hex/Summ       12%        N/A       83%         5
 Orb of Destruction       Conj           30%        9d10      26%         7
 Spellforged Servitor     Conj/Summ      20%        N/A       98%         7
 Death Channel            Necr           6%         N/A       100%        6
 Summon Cactus Giant      Summ           6%         N/A       100%        6
 Monstrous Menagerie      Summ           6%         N/A       100%        7
 Ozocubu's Refrigeration  Ice            6%         4d6       100%        7
 Summon Hydra             Summ           6%         N/A       100%        7
 Lehudib's Crystal Spear  Conj/Erth      20%        10d6      100%        8


Dungeon Overview and Level Annotations

Branches:
Dungeon (14/15)            Temple (1/1) D:6            Lair (6/6) D:10
 Shoals (2/4) Lair:4       Spider (1/4) Lair:4        Slime (0/5) Lair:6
    Orc (2/2) D:12            Elf (0/3) Orc:2        Vaults (0/5) D:14
  IceCv (visited)

Altars:
Ashenzari
Cheibriados
Dithmenos
Elyvilon
Fedhas
Gozag
Hepliaklqana
Kikubaaqudgha
Makhleb
Nemelex Xobeh
Okawaru
Qazlal
Ru
Sif Muna
Trog
Uskayaw
Vehumet
Wu Jian
Xom
Yredelemnul
Zin
The Shining One
Beogh
Jiyva
Lugonu

Shops:
D:10 (   D:13 *   Orc:1 *[[   Orc:2 [([*:   Lair:6 ?

Portals:
Abyss: Lair:6


Innate Abilities, Weirdness & Mutations

You are too large for most types of armour.
You have tough skin. (AC +1)
You passively map a small area around you.
Your muscles are strong. (Str +2)


Message History

The manticore flicks its tail.
The volley of spikes hits you.
The barbed spikes become lodged in your body.
* * * LOW HITPOINT WARNING * * *
Unknown command.
Okay, then.
Okay, then.
Okay, then.
Okay, then.
You feel much better.
The merfolk javelineer throws a silver javelin.
The silver javelin pierces through you!!
* * * LOW HITPOINT WARNING * * *
The silver sears you!
* * * LOW HITPOINT WARNING * * *
The manticore is engulfed in a cloud of scalding steam.
As you read the scroll of teleportation, it crumbles to dust.
You feel strangely unstable.
The merfolk javelineer throws a silver javelin.
The silver javelin pierces through you!
* * * LOW HITPOINT WARNING * * *
The silver sears you!
* * * LOW HITPOINT WARNING * * *
The barbs in your skin will harm you if you move.
Continue?
The merfolk avatar is no longer distracted by gold.
The merfolk javelineer throws a silver javelin.
The silver javelin closely misses you.
The manticore is engulfed in a cloud of scalding steam.
The manticore bites you!
* * * LOW HITPOINT WARNING * * *
The manticore claws you.
* * * LOW HITPOINT WARNING * * *
The manticore barely misses you.
The barbed spikes dig painfully into your body as you move.
* * * LOW HITPOINT WARNING * * *
You climb upwards.
The satyr unwields a +0 club.
The satyr wields a +0 fustibalus.
The satyr shoots a sling bullet.
The sling bullet hits you!!!
You die...
Your body crumbles into a pile of gold.

≈≈≈....≈≈........≈≈.# ≈
≈≈≈..........≈≈≈≈≈≈#### $
≈≈≈.....(.<.≈≈≈≈≈≈≈...#
≈≈≈.............≈≈≈≈.# ,
≈≈≈....≈≈........≈≈≈.###≈
,
≈≈≈....≈≈≈≈≈...≈$≈≈$≈...≈
,
≈≈≈......≈≈≈≈....≈≈≈...c.
≈≈≈≈.......≈≈≈≈≈≈H≈≈≈$...
≈≈≈≈≈....≈=.....@$≈≈≈≈≈≈≈
,
≈≈≈≈≈≈$≈.(≈≈≈≈..$≈≈≈$≈≈≈≈
≈ ,
≈≈≈≈≈≈≈≈.≈≈≈≈≈≈≈≈≈≈≈≈≈≈≈.
≈≈≈≈≈≈≈≈≈≈≈≈≈≈≈≈≈≈≈≈≈≈≈≈.
≈≈≈≈≈≈≈≈≈≈≈≈≈≈≈≈≈≈≈≈$≈≈≈.
≈≈≈≈≈≈≈≈≈≈≈≈≈≈≈≈≈≈≈≈≈≈≈≈.
,
≈≈≈≈≈≈≈≈≈≈≈≈≈≈≈≈≈≈≈≈≈$≈≈.
≈≈≈≈≈≈≈≈≈≈≈≈≈≈≈≈≈≈≈$≈≈≈≈
≈ ≈≈≈≈≈≈≈≈≈≈≈≈≈≈≈≈≈≈≈≈≈..


You could see a satyr and a manticore.

Vanquished Creatures
  2 orc warlords
  Louise (D:14)
  Azrael (D:12)
  Josephine (D:13)
  Fannar (D:12)
  Erolcha (D:9)
  5 hydras
  An ice dragon (IceCv)
  Harold (D:8)
  A hydra (shapeshifter) (D:14)
  A jorogumo (Lair:4)
  The ghost of WaxSun the Ogre Mage, a novice OgFE of Hepliaklqana (D:9)
  2 boulder beetles
  2 ogre magi
  A death knight (D:13)
  2 catoblepae
  Erica (D:9)
  3 centaur warriors (D:13)
  3 two-headed ogres
  A merfolk aquamancer (Shoals:2)
  4 death yaks (Lair:1)
  2 tengu warriors (D:12)
  2 satyrs (Shoals:1)
  3 orc high priests (Orc:2)
  2 thrashing horrors (Lair:6)
  Nergalle (Lair:2)
  A skeletal warrior (D:14)
  A sea snake (Shoals:1)
  A swamp dragon (Lair:5)
  A deep elf archer (D:14)
  8 orc knights
  A deep elf zephyrmancer (D:14)
  8 orc sorcerers
  2 deep elf pyromancers (D:14)
  12 ugly things
  An oklob plant (Lair:2)
  2 manticores
  6 fauns (Shoals:1)
  6 cyclopes
  An elephant (Lair:6)
  Joseph (Lair:1)
  A merfolk siren (Shoals:1)
  2 black mambas
  2 ice statues (IceCv)
  2 water nymphs
  A smoke demon (Lair:6)
  13 cane toads
  Psyche (D:9)
  7 komodo dragons
  4 kobold demonologists
  6 rime drakes
  2 ice devils (D:12)
  3 ancient zymes (Lair:6)
  4 merfolk
  A polar bear (Lair:4)
  5 trolls
  A hornet (D:8)
  Prince Ribbit (D:5)
  4 slime creatures (D:12)
  31 blink frogs
  Sigmund (D:2)
  A culicivora (Spider:1)
  3 water elementals (Shoals:1)
  36 yaks
  4 hogs (D:13)
  8 wraiths
  2 ynoxinuls (Lair:6)
  3 wyverns
  5 fire elementals
  A redback (Lair:4)
  3 vampire mosquitoes (Lair:5)
  6 basilisks (Lair:6)
  A steam dragon (D:9)
  A human (D:13)
  2 chaos spawn (Lair:6)
  3 large abominations (Lair:6)
  9 wargs
  2 acid dragons
  2 swamp worms (D:7)
  9 water moccasins
  3 hell hounds
  50 orc warriors
  A meliai simulacrum (D:14)
  2 sky beasts
  2 ice beasts
  10 ogres
  A necrophage (D:7)
  10 wolves
  10 centaurs
  4 kobold brigands
  10 bullfrogs
  10 small abominations (Lair:6)
  2 gnoll sergeants (D:9)
  10 scorpions
  A wyvern skeleton (D:7)
  5 lindwurm simulacra (IceCv)
  A water moccasin skeleton (D:6)
  3 killer bees (D:8)
  3 wights (D:7)
  2 howler monkeys (D:5)
  A howler monkey (shapeshifter) (Lair:6)
  A bullfrog zombie (D:6)
  2 centaur zombies
  6 komodo dragon simulacra (IceCv)
  A hound (D:4)
  2 gnoll shamans
  32 orc priests
  Crazy Yiuf (D:5)
  A bullfrog skeleton (D:7)
  Terence (D:3)
  5 centaur skeletons
  2 iguanas
  33 orc wizards
  2 hound skeletons (D:5)
  24 gnolls
  5 acid dragon simulacra (IceCv)
  11 adders
  A shadow imp (D:7)
  3 white imps
  5 steam dragon simulacra (IceCv)
  4 worms
  2 dart slugs
  107 orcs
  5 ball pythons
  A bat (D:3)
  6 endoplasms
  6 giant cockroaches
  5 goblins
  5 hobgoblins
  4 jackals (D:3)
  14 kobolds
  3 quokkas
  A frilled lizard (D:2)
  A rat (D:2)
734 creatures vanquished.

Vanquished Creatures (collateral kills)
  2 foxfires
2 creatures vanquished.

Vanquished Creatures (others)
  269 foxfires
  60 fungi
  71 plants
400 creatures vanquished.

Grand Total: 1136 creatures vanquished

Notes
Turn   | Place    | Note
-------+----------+-------------------------------------------
     0 | D:1      | Zeld the Ogre Fire Elementalist began the quest for the
                  | Orb.
     0 | D:1      | Reached XP level 1. HP: 16/16 MP: 3/3
    43 | D:1      | Reached skill level 1 in Conjurations
   259 | D:1      | Reached XP level 2. HP: 24/24 MP: 2/5
   262 | D:1      | Learned a level 2 spell: Scorch
   306 | D:1      | Found a faded altar of an unknown god.
  1305 | D:2      | Reached XP level 3. HP: 31/31 MP: 4/7
  1309 | D:2      | Learned a level 3 spell: Inner Flame
  1675 | D:2      | Noticed Sigmund
  1678 | D:2      | Killed Sigmund
  1679 | D:2      | Reached XP level 4. HP: 36/39 MP: 1/10
  1679 | D:2      | Reached XP level 5. HP: 42/45 MP: 1/11
  1684 | D:2      | Learned a level 4 spell: Flame Wave
  2232 | D:2      | Reached XP level 6. HP: 34/53 MP: 2/12
  2808 | D:3      | Reached skill level 5 in Spellcasting
  3844 | D:3      | Noticed Terence
  3850 | D:3      | Killed Terence
  4217 | D:4      | Reached XP level 7. HP: 59/59 MP: 6/15
  4294 | D:4      | Reached skill level 5 in Fire Magic
  5596 | D:5      | Entered Level 5 of the Dungeon
  5972 | D:5      | Found a runed translucent door.
  5973 | D:5      | Noticed Crazy Yiuf
  6025 | D:5      | Reached XP level 8. HP: 48/67 MP: 10/18
  6071 | D:5      | Noticed Prince Ribbit
  6098 | D:5      | Killed Prince Ribbit
  6515 | D:5      | Noticed a wraith
  6534 | D:5      | Killed a wraith
  7221 | D:5      | Found an ancient bone altar of Kikubaaqudgha.
  7389 | D:5      | Killed Crazy Yiuf
  7573 | D:6      | Reached XP level 9. HP: 74/74 MP: 10/21
  7817 | D:6      | Found a staircase to the Ecumenical Temple.
  7823 | Temple   | Entered the Ecumenical Temple
  8081 | Temple   | Became a worshipper of Gozag Ym Sagoz the Greedy
  8641 | D:7      | Found a glowing silver altar of Zin.
  8935 | D:7      | Reached skill level 5 in Conjurations
 10986 | D:8      | Reached XP level 10. HP: 55/81 MP: 3/23
 11126 | D:8      | Reached skill level 10 in Spellcasting
 11416 | D:8      | You fall into a shaft and drop 2 floors!
 11416 | D:10     | Entered Level 10 of the Dungeon
 11486 | D:9      | Noticed Psyche
 12067 | D:9      | Noticed Erica
 12188 | D:9      | Killed Erica
 12189 | D:9      | Reached skill level 10 in Fire Magic
 12518 | D:9      | Noticed Erolcha
 12533 | D:9      | Killed Erolcha
 12534 | D:9      | HP: 3/81 [cloud of flame (18)]
 12916 | D:9      | Noticed a kobold demonologist
 12923 | D:9      | Noticed a sun demon
 13145 | D:9      | Noticed a soul eater
 13150 | D:10     | Killed a kobold demonologist
 13320 | D:9      | Reached XP level 11. HP: 55/88 MP: 22/25
 14766 | D:8      | Noticed Harold
 14772 | D:8      | Killed Harold
 14773 | D:8      | Reached skill level 1 in Polearms
 14773 | D:8      | Reached skill level 1 in Evocations
 15916 | D:9      | Noticed WaxSun's ghost (novice OgFE)
 15916 | D:9      | Found a runed translucent gate.
 15916 | D:9      | Found a runed translucent gate.
 15916 | D:9      | Found a runed translucent gate.
 15916 | D:9      | Identified the +14 chain mail "Qahenluz" {*Slow Dex+2 SInv}
 16699 | D:9      | Killed Psyche
 17383 | D:10     | Identified the ring of Ane Pau {rN++ rCorr AC+4 Str-2
                  | Dex+2}
 17537 | D:10     | Reached skill level 1 in Throwing
 17753 | D:10     | Found a staircase to the Lair.
 17970 | D:11     | Noticed a boulder beetle
 17989 | D:11     | Killed a boulder beetle
 18641 | D:11     | Reached skill level 5 in Fighting
 20184 | D:12     | Found a frozen archway.
 20194 | IceCv    | Entered an ice cave
 20203 | IceCv    | Reached XP level 12. HP: 82/113 MP: 14/26
 22026 | IceCv    | Noticed an ice dragon
 22069 | IceCv    | Killed an ice dragon
 22679 | IceCv    | Identified the +3 hand crossbow "Huiwiu" {flame, rElec rC++
                  | rN+ Will-}
 22729 | D:12     | Bought a scroll of brand weapon for 300 gold pieces
 22729 | D:12     | Bought a scroll of enchant weapon for 112 gold pieces
 22729 | D:12     | Bought a scroll of amnesia for 52 gold pieces
 22729 | D:12     | Bought a scroll of teleportation for 45 gold pieces
 22729 | D:12     | Bought a scroll of blinking for 112 gold pieces
 22729 | D:12     | Bought a scroll of magic mapping for 52 gold pieces
 22729 | D:12     | Bought a scroll of teleportation for 45 gold pieces
 22729 | D:12     | Bought a scroll of holy word for 112 gold pieces
 22908 | D:9      | Killed WaxSun's ghost
 23654 | D:12     | Noticed a five-headed hydra
 23660 | D:12     | Killed a five-headed hydra
 23661 | D:12     | Reached skill level 5 in Throwing
 23713 | D:12     | Noticed Fannar
 23727 | D:12     | Killed Fannar
 24005 | D:12     | Reached skill level 10 in Conjurations
 24359 | D:12     | Reached skill level 5 in Evocations
 24366 | D:12     | Noticed a boulder beetle
 24561 | D:12     | Killed a boulder beetle
 24917 | D:12     | Found a staircase to the Orcish Mines.
 25015 | D:12     | Noticed a tengu warrior
 25019 | D:12     | Noticed a tengu warrior
 25020 | D:12     | Killed a tengu warrior
 25021 | D:12     | Killed a tengu warrior
 25479 | Lair:1   | Entered Level 1 of the Lair of Beasts
 25484 | Lair:1   | Reached XP level 13. HP: 119/131 MP: 20/27
 25679 | Lair:1   | Reached skill level 1 in Crossbows
 25698 | Lair:1   | Reached skill level 5 in Polearms
 26252 | Lair:1   | Reached skill level 10 in Fighting
 26411 | Lair:1   | Noticed Joseph
 26419 | Lair:1   | Killed Joseph
 26991 | Lair:2   | Noticed Nergalle
 27002 | Lair:2   | Killed Nergalle
 28294 | Lair:3   | HP: 6/202 [cane toad (14)]
 28295 | Lair:3   | Gained mutation: Your muscles are strong. (Str +2) [potion
                  | of mutation]
 28295 | Lair:3   | Gained mutation: You passively map a small area around you.
                  | [potion of mutation]
 30190 | Lair:4   | Found a staircase to the Shoals.
 30402 | Lair:4   | Found a hole to the Spider Nest.
 30992 | Lair:4   | Found an iron altar of Okawaru.
 32866 | Lair:6   | Entered Level 6 of the Lair of Beasts
 32878 | Lair:6   | Reached XP level 14. HP: 126/148 MP: 13/28
 33965 | Lair:6   | Bought a scroll of enchant weapon for 142 gold pieces
 33965 | Lair:6   | Bought a scroll of enchant armour for 142 gold pieces
 33965 | Lair:6   | Bought a scroll of identify for 38 gold pieces
 34266 | Lair:6   | Reached skill level 5 in Crossbows
 35346 | Lair:6   | Found a viscous altar of Jiyva.
 35346 | Lair:6   | Found a staircase to the Slime Pits.
 38063 | Lair:6   | Got the Reference Book on the Damaging Glacier
 38442 | Lair:6   | Found a corrupted altar of Lugonu.
 38442 | Lair:6   | Found a one-way gate to the infinite horrors of the Abyss.
 38563 | Lair:6   | Found Rin Doku's Magic Scroll Shop.
 38918 | Lair:6   | Found a viscous altar of Jiyva.
 38918 | Lair:6   | Found a staircase to the Slime Pits.
 38989 | Lair:6   | Found a corrupted altar of Lugonu.
 38989 | Lair:6   | Found a one-way gate to the infinite horrors of the Abyss.
 40058 | Lair:6   | Bought a scroll of identify for 38 gold pieces
 40058 | Lair:6   | Bought a scroll of identify for 38 gold pieces
 40058 | Lair:6   | Bought a scroll of identify for 38 gold pieces
 40354 | D:13     | Noticed Azrael
 40583 | D:13     | Found Ikosafa's Assorted Antiques.
 41047 | Orc:1    | Entered Level 1 of the Orcish Mines
 41301 | Orc:2    | Entered Level 2 of the Orcish Mines
 41301 | Orc:2    | Found Bomyxail's Armour Shoppe.
 41747 | Orc:1    | Found Pasink's Antique Armour Emporium.
 43587 | Orc:1    | Paralysed by an ogre mage for 3 turns
 43620 | Orc:1    | Found Lazelol's Assorted Antiques.
 43745 | Orc:1    | Found Osyasog's Antique Armour Emporium.
 43923 | Orc:1    | Noticed an orc warlord
 44531 | Orc:1    | Killed an orc warlord
 44532 | Orc:1    | Reached XP level 15. HP: 27/156 MP: 11/29
 44942 | Orc:2    | Found a staircase to the Elven Halls.
 45766 | Orc:2    | Noticed an orc warlord
 45818 | Orc:2    | Killed an orc warlord
 47332 | Orc:2    | Found Suba's General Store.
 47332 | Orc:2    | Found Ozxiha's Book Emporium.
 47350 | Orc:2    | Found Cinwevup's Antique Armour Emporium.
 47350 | Orc:2    | Found Quler's Antique Weapon Shoppe.
 47773 | Orc:2    | Bought a book of Fire for 748 gold pieces
 47773 | Orc:2    | Bought a Trismegistus Codex for 476 gold pieces
 48068 | Lair:6   | Bought a scroll of magic mapping for 66 gold pieces
 48068 | Lair:6   | Bought a scroll of magic mapping for 66 gold pieces
 48068 | Lair:6   | Bought a scroll of magic mapping for 66 gold pieces
 48291 | D:13     | Bought a potion of might for 132 gold pieces
 48291 | D:13     | Bought a potion of ambrosia for 264 gold pieces
 48291 | D:13     | Bought a scroll of magic mapping for 115 gold pieces
 48291 | D:13     | Bought a scroll of identify for 66 gold pieces
 48341 | Orc:1    | Bought a fluorescent wand for 96 gold pieces
 48341 | Orc:1    | Bought a wand of mindburst (8) for 96 gold pieces
 48341 | Orc:1    | Bought a scroll of magic mapping for 84 gold pieces
 48764 | Orc:1    | Learned a level 5 spell: Fireball
 48771 | Orc:1    | Learned a level 6 spell: Starburst
 48780 | Orc:1    | Learned a level 8 spell: Ignition
 48784 | Orc:1    | Learned a level 3 spell: Mephitic Cloud
 51226 | D:12     | Killed Azrael
 53969 | D:14     | Reached skill level 10 in Evocations
 54241 | D:14     | Noticed Louise
 55601 | D:14     | Noticed Josephine
 56040 | D:13     | Killed Josephine
 58631 | D:14     | Killed Louise
 58777 | D:14     | Paralysed by an ogre mage for 2 turns
 58828 | D:13     | HP: 6/156 [cloud of flame (6)]
 59544 | D:14     | Reached XP level 16. HP: 48/165 MP: 22/30
 60001 | D:14     | Found a gate to the Vaults.
 60094 | Orc:2    | Bought the +2 shield of Resistance {rF++ rC++ Will++} for
                  | 1103 gold pieces
 60094 | Orc:2    | Found the +2 shield of Resistance {rF++ rC++ Will++}
 60338 | Spider:1 | Entered Level 1 of the Spider Nest
 61011 | Shoals:1 | Entered Level 1 of the Shoals
 61629 | Shoals:1 | HP: 2/165 [faun/stone (21)]
 61643 | Shoals:1 | Reached skill level 1 in Shields
 62433 | Shoals:1 | Shot with a sling bullet by a satyr

Illustrated notes

Levels and vault maps discovered:
D:1:      giann_bridges, layout_basic, hellmonk_ecumenical_altar_crossroads,
          nrook_loot_triangle, hangedman_decor_clover_reticule
D:2:      layout_basic, uniq_sigmund
D:3:      layout_loops_ring, uniq_terence
D:4:      layout_gridville
D:5:      layout_basic, mainiacjoe_overflow_six_doors_small,
          hangedman_decor_push, uniq_prince_ribbit1, uniq_crazy_yiuf_cottage
D:6:      layout_rooms, minmay_temple_entry_nine_rooms
D:7:      layout_basic, zin_treasury, worms_lemuel
D:8:      hellmonk_warped_wall, layout_gridville, uniq_harold
D:9:      layout_irregular_city, biasface_ghost_orc_armoury, uniq_erolcha,
          uniq_psyche, uniq_erica
D:10:     layout_loops_ring, grunt_lair_entry_orc_guard_hut
D:11:     layout_big_octagon
D:12:     layout_roguey, minmay_orc_entry_guard_dogs,
          portal_ice_cave_demonic_guard, uniq_fannar
D:13:     layout_basic, grunt_livestock, drop_trap, nicolae_stop_n_shop_1,
          minmay_unpleasant_kobolds, uniq_azrael
D:14:     layout_loops_cross, hangedman_vaults_entry_quadrant_bands,
          roderic_roman_lattice, hangedman_fish_farm, uniq_louise,
          uniq_josephine
Temple:   mainiacjoe_temple_big_plus
Lair:1:   layout_chaotic_city, uniq_joseph
Lair:2:   layout_misc_corridors, uniq_nergalle
Lair:3:   layout_loops_ring, kennysheep_catoblepas_arena, grunt_megastairs_1
Lair:4:   layout_regular_city, minmay_shoals_entry_centaurs,
          nicolae_spider_entry_non_spiders, basic_altar,
          cheibrodos_lair_caveside_slide
Lair:5:   layout_roguey, pond
Lair:6:   hellmonk_lair_end_abyssal_woods, layout_layer_cave, slime_altar_1,
          guppyfry_lair_drakes
Shoals:1: cheibrodos_shoals_satyrical_garden, layout_shoals,
          nicolae_shoals_arrival_archipelago
Shoals:2: layout_shoals, nicolae_shoals_abyss_on_the_beach, uniq_polyphemus
Spider:1: cheibrodos_forgotten_conduit
Orc:1:    layout_caves, serial_shops, nicolae_shop_behind_doors,
          guppyfry_orc_lava_fort
Orc:2:    st_orc_congregation, layout_caves, serial_shops, nicolae_shop_stone

Skill      XL: |  1  2  3  4  5  6  7  8  9 10 11 12 13 14 15 16 |
---------------+-------------------------------------------------+-----
Conjurations   | 1 2 3 4 5 8 9 10 11 12 | 12.6
Spellcasting   | 3 4 5 6 8 9 10 11 | 11.1
Fire Magic     | 3 4 5 7 8 10 | 10.0
Fighting       | 5 9 11 12 | 12.0
Polearms       | 2 4 6 7 8 |  8.9
Evocations     | 3 5 7 9 10 | 10.5
Throwing       | 3 6 |  6.0
Crossbows      | 4 6 7 8 |  8.0
Shields        | 1 |  1.0
Dodging        | |  1.7
Stealth        | |  1.4

Action                   |  1- 3 |  4- 6 |  7- 9 | 10-12 | 13-15 | 16-18 || total
-------------------------+-------+-------+-------+-------+-------+-------++-------
Melee: Unarmed           |     2 |       |       |       |       |       ||     2
       Dagger            |    24 |    30 |     3 |       |       |       ||    57
       Spear             |       |       |    27 |    27 |   163 |     9 ||   226
       Punch             |       |       |       |       |     3 |       ||     3
 Fire: Hand crossbow     |       |       |       |       |    31 |       ||    31
Throw: Throwing net      |       |       |       |     2 |     3 |       ||     5
       Dart              |       |       |       |       |     1 |       ||     1
 Cast: Foxfire           |    10 |       |    19 |    45 |    85 |       ||   159
       Scorch            |    12 |    60 |   138 |   302 |   883 |     8 ||  1403
       Inner Flame       |       |       |    13 |    23 |   102 |       ||   138
       Flame Wave        |       |       |     1 |    25 |    58 |     3 ||    87
       Fireball          |       |       |       |       |     9 |    55 ||    64
       Mephitic Cloud    |       |       |       |       |     3 |       ||     3
Invok: Call Merchant     |       |       |       |     2 |     1 |       ||     3
       Potion Petition   |       |       |       |       |     1 |       ||     1
Evoke: Wand              |       |       |     1 |     4 |    30 |       ||    35
       Piece from Xom's  |       |       |       |       |     1 |       ||     1
  Use: Scroll            |       |       |       |    12 |    19 |     1 ||    32
       Potion            |       |       |       |       |     4 |     5 ||     9
 Stab: Distracted        |       |       |       |       |     1 |       ||     1
Armor: Robe              |    11 |    21 |     7 |    75 |   350 |    14 ||   478
       Skin              |       |       |       |     6 |     6 |       ||    12
Dodge: Dodged            |    16 |    27 |    38 |   114 |   423 |    19 ||   637
